 Dungeon Crawl Stone Soup version 0.28-a0-1235-g7c8fac35f0 (webtiles) character file.

Game seed: 4132434637387097028

121176 croobank the Warrior (level 16, -21/161 HPs)
             Began as a Minotaur Berserker on Dec 24, 2021.
             Was an Elder of Trog.
             Blown up by an orb spider (40 damage)
             ... with an orb of destruction
             ... on level 2 of the Spider Nest.
             The game lasted 03:42:28 (38786 turns).

croobank the Warrior (Minotaur Berserker)          Turns: 38786, Time: 03:42:29

Health: -21/161    AC: 28    Str: 35    XL:     16   Next: 31%
Magic:  15/15      EV: 12    Int:  4    God:    Trog [****..]
Gold:   1350       SH:  0    Dex: 11    Spells: 15/15 levels left

rFire   . . .      SeeInvis .   x - +10 great mace of Bloody Death {vorpal, *Corrode rPois rN+++ Stlth+}
rCold   + . .      Faith    .   (shield currently unavailable)
rNeg    + + +      Spirit   .   p - +3 plate armour {rC+}
rPois   +          Reflect  .   G - +2 hat
rElec   .          Harm     .   z - +0 cloak
rCorr   +          Rampage  .   t - +2 pair of gloves
Will    +....      Rage     1%  y - +0 pair of boots
Stlth   ..........              (no amulet)
HPRegen 0.36/turn               i - ring of resist corrosion
MPRegen 0.14/turn               H - +6 ring of strength

@: studying Stealth
A: horns 2, retaliatory headbutt, talons 1, berserk 1, shaggy fur 1
a: Renounce Religion, Berserk, Trog's Hand, Brothers in Arms


You were on level 2 of the Spider Nest.
You worshipped Trog.
Trog was greatly pleased with you.
You visited 4 branches of the dungeon, and saw 25 of its levels.
You visited the Abyss 1 time.
You also visited: Ossuary, Ice Cave and Volcano.

You collected 2597 gold pieces.
You spent 1247 gold pieces at shops.

Inventory:

Hand Weapons
 a - a +6 flail of electrocution
 f - a +1 antimagic dire flail
 x - the +10 great mace of Bloody Death (weapon) {vorpal, *Corrode rPois rN+++ Stlth+}
   (You bought it in a shop on level 2 of the Orcish Mines)

   It inflicts extra damage upon your enemies.
   rPois:     It protects you from poison.
   rN:        It renders you almost immune to negative energy.
   *Corrode:  It may corrode you when you take damage.
   Stlth:     It makes you more stealthy.
 K - the +7 dire flail of Bespelled Integrity {drain, rF++ Str-3}
   (You found it on level 14 of the Dungeon)

   A truly terrible weapon, it drains the life of any living foe it strikes.
   Str:       It affects your strength (-3).
   rF:        It greatly protects you from fire.
 U - a +3 scimitar of holy wrath
 Y - a +6 great mace of flaming
Missiles
 j - 314 arrows
 n - 16 boomerangs
 s - 5 datura-tipped darts
 u - 72 poisoned darts
 J - 6 silver javelins (quivered)
 P - 3 atropa-tipped darts
Armour
 p - a +3 plate armour of cold resistance (worn)
 t - a +2 pair of gloves (worn)
 w - the +0 buckler of Xoenor {rN+ Str+4}
   (You found it in an ice cave)

   Str:       It affects your strength (+4).
   rN:        It protects you from negative energy.
 y - a +0 pair of boots (worn)
 z - a +0 cloak (worn)
 G - a +2 hat (worn)
 M - a +1 kite shield of cold resistance
 X - a +3 scale mail of cold resistance
Jewellery
 i - a ring of resist corrosion (left hand)
 o - a +4 ring of protection
 F - a ring of see invisible
 H - a +6 ring of strength (right hand)
 R - a ring of flight
 S - a +6 ring of dexterity
 T - a ring of willpower
 V - a ring of poison resistance
 W - a ring of willpower
Wands
 b - a wand of digging (5)
 c - a wand of acid (7)
 l - a wand of flame (57)
 E - a wand of paralysis (16)
 Q - a wand of polymorph (4)
Scrolls
 d - 3 scrolls of silence
 g - 14 scrolls of teleportation
 h - 4 scrolls of blinking
 B - a scroll of brand weapon
 D - 3 scrolls of magic mapping
 O - 2 scrolls of identify
 Z - a scroll of fear
Potions
 k - 3 potions of flight
 m - 4 potions of haste
 r - 6 potions of curing
 A - 3 potions of invisibility
 C - a potion of lignification
 I - 3 potions of heal wounds
 L - 6 potions of ambrosia
 N - 2 potions of might
Miscellaneous
 e - a tin of tremorstones (2/2)
 q - a condenser vane


   Skills:
 - Level 19.4 Fighting
 - Level 4.0(13.0) Axes
 - Level 18.9(19.1) Maces & Flails
 + Level 12.8 Armour
 + Level 11.8 Dodging
 - Level 15.0 Shields


You had 15 spell levels left.
You didn't know any spells.
Your spell library contained the following spells:

 Spells                   Type           Power      Damage    Failure   Level
 Animate Skeleton         Necr           0%         N/A       95%         1
 Apportation              Tloc           0%         N/A       95%         1
 Foxfire                  Conj/Fire      0%         2x1d4     95%         1
 Slow                     Hex            0%         N/A       95%         1
 Summon Small Mammal      Summ           0%         N/A       95%         1
 Corpse Rot               Necr/Air       0%         N/A       99%         2
 Ensorcelled Hibernation  Hex/Ice        0%         N/A       99%         2
 Searing Ray              Conj           0%         2d4       99%         2
 Sublimation of Blood     Necr           0%         N/A       99%         2
 Wereblood                Tmut           0%         N/A       99%         2
 Call Canine Familiar     Summ           0%         N/A       100%        3
 Confusing Touch          Hex            0%         N/A       100%        3
 Conjure Flame            Conj/Fire      0%         6-21      100%        3
 Ignite Poison            Fire/Tmut/Pois 0%         N/A       100%        3
 Inner Flame              Hex/Fire       0%         N/A       100%        3
 Mephitic Cloud           Conj/Pois/Air  0%         N/A       100%        3
 Ozocubu's Armour         Ice            0%         N/A       100%        3
 Portal Projectile        Hex/Tloc       0%         N/A       100%        3
 Spider Form              Tmut/Pois      0%         N/A       100%        3
 Summon Guardian Golem    Hex/Summ       0%         N/A       100%        3
 Swiftness                Air            0%         N/A       100%        3
 Dispel Undead            Necr           0%         3d6       100%        4
 Flame Wave               Conj/Fire      0%         2d4       100%        4
 Summon Lightning Spire   Summ/Air       0%         N/A       100%        4
 Alistair's Intoxication  Tmut/Pois      0%         N/A       100%        5
 Blade Hands              Tmut           0%         N/A       100%        5
 Excruciating Wounds      Necr           0%         N/A       100%        5
 Freezing Cloud           Conj/Ice/Air   0%         6-21      100%        5
 Irradiate                Conj/Tmut      0%         3d14      100%        5
 Metabolic Englaciation   Hex/Ice        0%         N/A       100%        5
 Yara's Violent Unravell  Hex/Tmut       0%         3d3       100%        5
 Death Channel            Necr           0%         N/A       100%        6
 Simulacrum               Ice/Necr       0%         N/A       100%        6
 Dragon Form              Tmut           0%         N/A       100%        7
 Storm Form               Tmut/Air       0%         N/A       100%        7
 Summon Hydra             Summ           0%         N/A       100%        7
 Borgnjor's Revivificati  Necr           0%         N/A       100%        8
 Maxwell's Capacitive Co  Air            0%         ∞         100%        8
 Necromutation            Tmut/Necr      0%         N/A       100%        8
 Death's Door             Necr           0%         N/A       100%        9


Dungeon Overview and Level Annotations

Branches:
Dungeon (15/15)            Temple (0/1) D:4            Lair (6/6) D:9
 Shoals (0/4) Lair:3       Spider (2/4) Lair:3        Slime (0/5) Lair:5
    Orc (2/2) D:10            Elf (0/3) Orc:2        Vaults (0/5) D:13
 Depths (0/4) D:15        Ossuary (visited)           IceCv (visited)
Volcano (visited)

Altars:
Ashenzari
Cheibriados
Okawaru
Yredelemnul
Beogh

Shops:
D:10 [=   Orc:2 [*(==

Portals:
Trove: D:14 (give 3 potions of resistance)

Annotations:
Orc:1 3 runed translucent doors, contendunt's ghost, journeyman MiFi


Innate Abilities, Weirdness & Mutations

You have a pair of horns on your head.
You reflexively headbutt those who attack you in melee.
You have sharp toenails.
You tend to lose your temper in combat.
You are covered in fur. (AC +1)


Message History

The orb spider pulsates with a strange energy.
The orb of destruction hits you!!
There is a stone staircase leading up here.
Okay, then.
The orb spider weaves a glowing orb of energy. x2
The orb fizzles. x2
You hit the orb spider. You headbutt the orb spider!
The orb spider is moderately wounded.
You bludgeon the orb spider!! You headbutt the orb spider.
You kill the orb spider!
Trog accepts your kill.
The orb spider spins a strand of pure energy.
The orb spider begins to weave its threads into a brightly glowing ball.
You see here an orb spider corpse.
You barely miss the orb spider.
The orb spider spins a strand of pure energy.
The orb of destruction hits you!!
The orb spider weaves a glowing orb of energy.
An orb of destruction comes into view.
You sock the orb spider!
You headbutt the orb spider, but do no damage.
The orb spider is moderately wounded.
The orb spider begins to weave its threads into a brightly glowing ball.
You hit the orb spider. Your headbutt misses the orb spider.
The orb spider is moderately wounded.
The orb spider weaves a glowing orb of energy. x2 2 orbs of destruction come into view.
The orbs collide in a blinding explosion!
The orb of destruction hits you!!!
The orb spider pulsates with a strange energy.
The orb spider begins to weave its threads into a brightly glowing ball.
You hear an angry hiss. x5; You hear a hideous shriek!
The orb of destruction hits you!!
* * * LOW HITPOINT WARNING * * *
The orb spider weaves a glowing orb of energy. x2 2 orbs of destruction come into view.
You see here a redback corpse.
The orb spider begins to weave its threads into a brightly glowing ball.
The orb of destruction hits you!!!
You die...

....................##
.....................####
...^...........s........##
....#....^.....○.........#
..............s○.....<..##
...............☼.........#
...........s°○○*..^.....##
........^...☼..#.....#
..>..........@.......#
...........†.........####
......................#.##
.............<...........#
^...............###.^.°..###
.^.......####### ###..s○..##
....^#### ###.....# ...#
##...### .. ##....#


You could see 3 orb spiders.

Vanquished Creatures
  Rupert (Lair:6)
  Gastronok (Lair:3)
  An orc warlord (Orc:2)
  A frost giant (IceCv)
  Azrael (Spider:2)
  An entropy weaver (Spider:1)
  6 boulder beetles
  Fannar (Lair:3)
  2 hydras
  A vault guard (D:13)
  2 centaur warriors
  3 two-headed ogres
  A death knight (D:14)
  Erica (D:12)
  4 orc high priests (Orc:2)
  2 death yaks (IceCv)
  A tengu warrior (D:14)
  Urug (D:10)
  5 skeletal warriors
  A swamp dragon (Lair:6)
  4 wizards
  A necromancer (D:13)
  4 orc knights
  3 deep elf pyromancers (D:12)
  8 orb spiders
  Pikel (D:6)
  7 cyclopes
  2 wolf spider zombies (D:14)
  A manticore (D:12)
  14 wolf spiders
  3 orc sorcerers
  8 ugly things
  A moth of wrath (shapeshifter) (D:15)
  Joseph (D:9)
  3 black mambas
  16 cane toads
  4 rime drakes
  A torpor snail (Lair:3)
  A gargoyle (D:13)
  2 kobold demonologists
  A yaktaur (shapeshifter) (D:9)
  An efreet (D:15)
  An unseen horror (D:10)
  5 demonic crawlers
  5 freezing wraiths (D:14)
  10 komodo dragons
  4 yaktaurs
  A harpy zombie (D:14)
  17 jumping spiders
  5 tengu conjurers (D:15)
  12 trolls
  3 meliai (D:15)
  A hornet (D:11)
  7 polar bears (IceCv)
  11 blink frogs
  Prince Ribbit (D:8)
  Grinder (D:3)
  6 slime creatures (D:14)
  Sigmund (D:5)
  A spriggan (shapeshifter) (D:13)
  A shadow (D:11)
  2 wraiths (D:14)
  9 basilisks
  25 tarantellas
  18 redbacks
  4 fire elementals
  5 fire bats
  5 wyverns (D:9)
  18 humans (D:13)
  53 yaks
  3 vampire mosquitoes (D:7)
  3 steam dragons
  Edmund (D:6)
  2 wargs
  2 acid dragons (Lair:6)
  17 water moccasins
  Duvessa (D:6)
  3 hell hounds
  2 swamp drakes (Lair:6)
  4 black bears
  37 orc warriors
  A hornet zombie (D:14)
  3 ice beasts
  4 ogres
  35 wolves
  8 centaurs
  8 necrophages
  3 lemures (D:6)
  A phantom (D:5)
  2 elf zombies (Ossuary)
  21 bullfrogs
  8 scorpions
  A two-headed ogre simulacrum (D:11)
  Dowan (D:6)
  3 killer bees (D:9)
  2 wights (D:9)
  19 centaur zombies
  A lava snake (Lair:5)
  4 hounds
  3 centaur skeletons
  23 orc priests
  3 gnoll shamans
  7 jellies
  Ijyb (D:5)
  30 orc wizards
  6 iguanas
  5 hell rats (Lair:6)
  2 troll simulacra (D:11)
  A spriggan simulacrum (D:11)
  2 killer bee zombies
  3 hound skeletons
  4 mummies
  A howler monkey zombie (D:9)
  12 gnolls
  A howler monkey skeleton (D:7)
  7 adders
  A shadow imp (D:6)
  2 white imps (D:7)
  3 ufetubi
  An adder zombie (Ossuary)
  3 worms
  3 dart slugs
  115 orcs
  10 ball pythons
  9 endoplasms
  6 giant cockroaches
  8 goblins
  13 hobgoblins
  4 jackals (D:5)
  3 quokkas
  4 bats
  A frilled lizard (D:2)
  2 goblin zombies (Ossuary)
  6 hobgoblin zombies (Ossuary)
  2 jackal zombies (Ossuary)
  6 kobolds
  9 kobold zombies (Ossuary)
  12 orc zombies (Ossuary)
  4 rats
894 creatures vanquished.

Vanquished Creatures (collateral kills)
  A fire giant (D:15)
  A fire dragon (Lair:6)
  A death yak (IceCv)
  An orb spider (Spider:1)
  2 cane toads
  A demonic crawler (Spider:1)
  A yak (IceCv)
  A small abomination (D:15)
  5 basilisks
  A water moccasin (Lair:6)
  A wolf (IceCv)
16 creatures vanquished.

Vanquished Creatures (others)
  An orb spider (Spider:2)
  A jumping spider (Spider:2)
  A tarantella (Spider:2)
  2 redbacks (Spider:2)
  2 orc priests (Orc:2)
  17 fungi
  50 plants
  2 withered plants (D:9)
76 creatures vanquished.

Grand Total: 986 creatures vanquished

Notes
Turn   | Place    | Note
-------+----------+-------------------------------------------
     0 | D:1      | croobank the Minotaur Berserker began the quest for the
                  | Orb.
     0 | D:1      | Reached XP level 1. HP: 19/19 MP: 0/0
   139 | D:1      | Reached XP level 2. HP: 14/27 MP: 1/1
   430 | D:1      | Reached skill level 4 in Fighting
   596 | D:1      | Reached XP level 3. HP: 33/33 MP: 2/2
  1366 | D:2      | Reached skill level 5 in Fighting
  1493 | D:2      | Got Ror Ciepn's Tome of Excruciating Weightlessness
  1725 | D:2      | Reached XP level 4. HP: 41/42 MP: 3/3
  2135 | D:3      | Noticed Grinder
  2151 | D:3      | Killed Grinder
  2152 | D:3      | Reached skill level 7 in Fighting
  2152 | D:3      | Reached XP level 5. HP: 5/52 MP: 4/4
  2508 | D:3      | Reached XP level 6. HP: 49/60 MP: 5/5
  2781 | D:3      | Reached ** piety under Trog
  3375 | D:4      | Found a staircase to the Ecumenical Temple.
  3381 | D:4      | Reached skill level 8 in Fighting
  3935 | D:5      | Entered Level 5 of the Dungeon
  3985 | D:5      | Reached XP level 7. HP: 68/68 MP: 6/6
  4035 | D:5      | Reached skill level 5 in Armour
  4052 | D:5      | Noticed Ijyb
  4062 | D:5      | Killed Ijyb
  4130 | D:5      | Reached skill level 5 in Dodging
  4315 | D:5      | Reached skill level 1 in Maces & Flails
  4422 | D:5      | Noticed Sigmund
  4431 | D:5      | Killed Sigmund
  4432 | D:5      | Reached XP level 8. HP: 70/74 MP: 7/7
  4558 | D:5      | Reached skill level 5 in Maces & Flails
  4922 | D:6      | Reached *** piety under Trog
  4991 | D:6      | Reached XP level 9. HP: 79/81 MP: 8/8
  5077 | D:6      | Noticed Pikel
  5087 | D:6      | Killed Pikel
  5155 | D:6      | Noticed Duvessa
  5155 | D:6      | Noticed Dowan
  5165 | D:6      | Killed Duvessa
  5166 | D:6      | Killed Dowan
  5167 | D:6      | Reached skill level 9 in Fighting
  5171 | D:6      | Reached skill level 10 in Maces & Flails
  5371 | D:6      | Noticed Edmund
  5378 | D:6      | Killed Edmund
  6020 | D:7      | Found a sand-covered staircase.
  6032 | Ossuary  | Entered an ossuary
  6094 | Ossuary  | Reached **** piety under Trog
  6180 | Ossuary  | Reached skill level 10 in Fighting
  6517 | D:7      | Reached ***** piety under Trog
  6578 | D:7      | Reached XP level 10. HP: 68/94 MP: 9/9
  7430 | D:8      | Reached skill level 11 in Fighting
  7582 | D:8      | Noticed Prince Ribbit
  7590 | D:8      | Killed Prince Ribbit
  8073 | D:9      | Reached skill level 12 in Fighting
  8105 | D:9      | Noticed Erica
  8441 | D:9      | Reached ****** piety under Trog
  8443 | D:9      | Noticed Joseph
  8461 | D:9      | Killed Joseph
  8662 | D:9      | Reached skill level 13 in Fighting
  8662 | D:9      | Reached XP level 11. HP: 102/107 MP: 10/10
  8749 | D:9      | Found a staircase to the Lair.
  9147 | D:10     | Entered Level 10 of the Dungeon
  9254 | D:10     | Noticed Urug
  9394 | D:10     | Killed Urug
  9395 | D:10     | Reached skill level 14 in Fighting
  9458 | D:10     | Received a gift from Trog
  9595 | D:10     | Found a staircase to the Orcish Mines.
 10016 | D:10     | Found a broken altar of Ashenzari.
 10235 | D:10     | Found a snail-covered altar of Cheibriados.
 10235 | D:10     | Found Cheibriados's Comfort Zone.
 10409 | D:10     | Reached skill level 15 in Fighting
 10498 | D:10     | Found Vucaeg's Jewellery Boutique.
 10728 | Orc:1    | Entered Level 1 of the Orcish Mines
 11067 | Orc:1    | Received a gift from Trog
 11288 | Orc:1    | Found a runed translucent gate.
 11288 | Orc:1    | Found a runed translucent gate.
 11288 | Orc:1    | Found a runed translucent gate.
 11288 | Orc:1    | Noticed a merfolk impaler
 11288 | Orc:1    | Noticed a tengu warrior
 11288 | Orc:1    | Noticed a deep elf archer
 11289 | Orc:1    | Noticed a merfolk javelineer
 11289 | Orc:1    | Noticed contendunt's ghost (journeyman MiFi)
 11289 | Orc:1    | Noticed an orc knight
 11444 | Orc:1    | Found an iron altar of Okawaru.
 11619 | D:11     | Found a frozen archway.
 11633 | IceCv    | Entered an ice cave
 11974 | IceCv    | Reached skill level 15 in Maces & Flails
 12093 | IceCv    | Reached XP level 12. HP: 99/122 MP: 11/11
 12195 | IceCv    | Reached skill level 16 in Fighting
 12540 | IceCv    | Gained mutation: You are covered in fur. (AC +1) [potion of
                  | mutation]
 12540 | IceCv    | Gained mutation: You tend to lose your temper in combat.
                  | [potion of mutation]
 12540 | IceCv    | Gained mutation: You have sharp toenails. [potion of
                  | mutation]
 12566 | IceCv    | Noticed a death yak
 12566 | IceCv    | Noticed a frost giant
 12566 | IceCv    | Noticed a death yak
 12577 | IceCv    | Killed a death yak
 12584 | IceCv    | Killed a death yak
 12590 | IceCv    | Killed a frost giant
 12732 | IceCv    | Identified the +0 buckler of Xoenor {rN+ Str+4}
 12801 | IceCv    | Noticed a death yak
 12810 | IceCv    | Killed a death yak
 12816 | IceCv    | Reached skill level 17 in Fighting
 13355 | D:11     | Noticed a two-headed ogre
 13363 | D:11     | Killed a two-headed ogre
 13707 | D:11     | Noticed a boulder beetle
 13728 | D:11     | Killed a boulder beetle
 14150 | Lair:1   | Entered Level 1 of the Lair of Beasts
 14331 | Lair:1   | Noticed an eight-headed hydra
 14335 | Lair:1   | Killed a nine-headed hydra
 15357 | Lair:2   | Reached XP level 13. HP: 134/134 MP: 12/12
 15367 | Lair:2   | Reached skill level 18 in Fighting
 15527 | Lair:2   | Received a gift from Trog
 16344 | Lair:3   | Found a staircase to the Shoals.
 16485 | Lair:3   | Found a hole to the Spider Nest.
 16592 | Lair:3   | Noticed Fannar
 16605 | Lair:3   | Killed Fannar
 16900 | Lair:3   | Noticed Gastronok
 16915 | Lair:3   | Killed Gastronok
 17190 | Lair:4   | Reached skill level 19 in Fighting
 18553 | Lair:5   | Received a gift from Trog
 18609 | Lair:5   | Reached skill level 1 in Shields
 18896 | Lair:5   | Found a staircase to the Slime Pits.
 19487 | Lair:6   | Entered Level 6 of the Lair of Beasts
 19512 | Lair:6   | Reached skill level 5 in Shields
 19788 | Lair:6   | Noticed Rupert
 19804 | Lair:6   | Killed Rupert
 19805 | Lair:6   | Reached XP level 14. HP: 82/146 MP: 13/13
 20090 | Lair:6   | Found a dark tunnel.
 20095 | Volcano  | Entered a volcano
 21671 | Orc:2    | Entered Level 2 of the Orcish Mines
 21687 | Orc:2    | Found Bittat's Jewellery Boutique.
 21823 | Orc:1    | Received a gift from Trog
 22378 | Orc:2    | Found a staircase to the Elven Halls.
 22715 | Orc:2    | Reached skill level 10 in Shields
 23417 | Orc:2    | Noticed an orc warlord
 23435 | Orc:2    | Killed an orc warlord
 24856 | Orc:2    | Found Zotaiw's General Store.
 24857 | Orc:2    | Found Lixerhaf's Jewellery Shop.
 24859 | Orc:2    | Found Bupsolo's Antique Armour Boutique.
 24859 | Orc:2    | Found Boufionekh's Antique Weapon Boutique.
 25575 | D:12     | Killed Erica
 25591 | D:12     | Received a gift from Trog
 27072 | D:13     | Identified a scroll of acquirement
 27118 | D:13     | Acquired a manual of Stealth
 27123 | D:13     | Found a gate to the Vaults.
 27127 | D:13     | Reached XP level 15. HP: 152/152 MP: 14/14
 27146 | D:13     | Reached skill level 15 in Shields
 28319 | D:14     | Found a basalt altar of Yredelemnul.
 28812 | D:14     | Identified the +7 dire flail of Bespelled Integrity {drain,
                  | rF++ Str-3}
 28938 | D:14     | Found a portal to a secret trove of treasure.
 29120 | D:15     | Entered Level 15 of the Dungeon
 29171 | D:15     | Received a gift from Trog
 30219 | D:15     | Noticed a fire giant
 30226 | D:15     | Killed a fire giant
 30227 | D:15     | Reached skill level 10 in Armour
 30415 | D:15     | Found a staircase to the Depths.
 30473 | D:15     | Cast into level 2 of the Abyss (a wizard)
 30542 | D:15     | Escaped the Abyss
 32319 | Orc:2    | Bought the +10 great mace of Bloody Death {vorpal, *Corrode
                  | rPois rN+++ Stlth+} for 1247 gold pieces
 32538 | Spider:1 | Entered Level 1 of the Spider Nest
 33738 | Spider:1 | Reached skill level 10 in Dodging
 34666 | Spider:1 | Reached XP level 16. HP: 152/161 MP: 15/15
 35073 | Spider:1 | Received a gift from Trog
 35424 | Spider:2 | Noticed Azrael
 37654 | Spider:2 | Killed Azrael
 38786 | Spider:2 | Blown up by an orb spider

Illustrated notes

Levels and vault maps discovered:
D:1:      scummos_arrival_hexagon, layout_basic, serial_aquarium,
          aquarium_bridge_straight [aquarium_subvault_bridge,
          aquarium_subvault_window, aquarium_subvault_bridge,
          aquarium_subvault_window], aquarium_bridge_square
          [aquarium_subvault_bridge, aquarium_subvault_bridge,
          aquarium_subvault_wall, aquarium_subvault_wall], aquarium_window_1,
          aquarium_window_fake, aquarium_window_corner, aquarium_view_2b,
          aquarium_balcony_5a, aquarium_pool_2
D:2:      layout_basic
D:3:      layout_basic, uniq_grinder
D:4:      layout_basic, minmay_temple_entry_proselytizer
D:5:      layout_gridville, minmay_joined_circles, uniq_ijyb, uniq_sigmund
D:6:      layout_basic, minmay_chambers_of_fives, uniq_duvessa, uniq_edmund,
          uniq_pikel
D:7:      layout_loops_corners, nicolae_ossuary_entry_ruins
D:8:      layout_cave_pods, uniq_prince_ribbit1
D:9:      layout_long_grid, minmay_lair_entry_grove, special_room
          [special_room_orc], serial_undead, serial_undead_a, serial_undead_a,
          serial_undead_f, serial_undead_c, uniq_joseph, uniq_erica
D:10:     layout_roguey, nicolae_ashenzari_panopticon, erik_orc_4,
          minmay_shop_chei, chequers_serial_rivers_large_a,
          nicolae_inconvenience_store, uniq_urug
D:11:     layout_gridville, portal_ice_cave_entry_ice_simulacra
D:12:     layout_basic, nrook_mini_vaults, minivault_25
D:13:     layout_roguey, grunt_vaults_entry_tiered
D:14:     layout_roguey, serial_park_tiny_pond, gauntlet_entry_generic,
          nicolae_trove_entry_diagonal, nicolae_yredelemnul_corpse_copse
D:15:     grunt_enter_depths_giant_problem, layout_basic, minmay_parallelograms,
          serial_glass, glass_columns_b, glass_columns_b
Lair:1:   layout_regular_city, serial_bayou_crossing, grunt_megastairs_5
Lair:2:   layout_gridlike
Lair:3:   layout_chaotic_city, minmay_shoals_entry_centaurs,
          nicolae_spider_entry_non_spiders, roderic_carrion_pond,
          grunt_megastairs_1, uniq_gastronok, uniq_fannar
Lair:4:   layout_cave_pods, grunt_megastairs_4
Lair:5:   layout_gridlike, nicolae_slime_entry_slimehenge, minmay_holes
Lair:6:   guppyfry_lair_end_dragon, layout_loops_ring, enter_volcano_1,
          bh_autumn_forest_stairs, serial_bayou_pond_d, grunt_megastairs_2,
          uniq_rupert
Spider:1: layout_spider_delve
Spider:2: layout_spider_delve, drop_trap, nicolae_spider_moth_buddies,
          uniq_azrael
Orc:1:    layout_caves, gammafunk_ghost_fury_of_okawaru
Orc:2:    st_orc_congregation, layout_caves, serial_shops,
          nicolae_shop_window_shopping

Skill      XL: |  1  2  3  4  5  6  7  8  9 10 11 12 13 14 15 16 |
---------------+-------------------------------------------------+-----
Fighting       | 4 5 7 8 10 13 15 17 19 | 19.4
Axes           | 4 |  4.0
Armour         | 4 6 11 12 | 12.8
Dodging        | 3 5 10 11 | 11.8
Maces & Flails | 3 9 11 13 15 17 18 | 18.9
Shields        | 6 14 15 | 15.0

Action                   |  1- 3 |  4- 6 |  7- 9 | 10-12 | 13-15 | 16-18 || total
-------------------------+-------+-------+-------+-------+-------+-------++-------
Melee: Hand axe          |    77 |    76 |    49 |       |       |       ||   202
       Headbutt          |    10 |    18 |    70 |   176 |   312 |    31 ||   617
       Flail             |       |       |   203 |   563 |  1028 |       ||  1794
       Great mace        |       |       |       |       |    93 |    76 ||   169
       Dire flail        |       |       |       |       |    31 |    87 ||   118
Throw: Stone             |       |     6 |       |       |     2 |       ||     8
       Dart              |       |    14 |     5 |       |     6 |       ||    25
       Boomerang         |       |       |    14 |     6 |       |       ||    20
       Throwing net      |       |       |     1 |       |       |       ||     1
       Javelin           |       |       |       |       |     3 |       ||     3
Invok: Berserk           |     1 |     2 |     1 |     1 |     1 |     2 ||     8
       Brothers in Arms  |       |       |       |     2 |     8 |     2 ||    12
       Trog's Hand       |       |       |       |     1 |       |     2 ||     3
Evoke: Wand              |       |       |       |     8 |     9 |     6 ||    23
       Tin of tremorston |       |       |       |       |     1 |       ||     1
  Use: Scroll            |     2 |     3 |    13 |     8 |     8 |     2 ||    36
       Potion            |       |     1 |       |     5 |     4 |    11 ||    21
 Stab: Paralysed         |       |       |       |     2 |     2 |       ||     4
Armor: Animal skin       |     5 |       |       |       |       |       ||     5
       Leather armour    |     7 |    12 |       |       |       |       ||    19
       Ring mail         |       |     4 |     1 |       |       |       ||     5
       Scale mail        |       |       |    33 |    43 |       |       ||    76
       Chain mail        |       |       |    69 |    16 |       |       ||    85
       Plate armour      |       |       |       |   273 |   682 |   313 ||  1268
       Skin              |       |       |       |       |       |     1 ||     1
Dodge: Dodged            |    48 |    36 |   130 |   244 |   454 |   189 ||  1101
Block: Buckler           |       |     4 |    28 |    72 |   219 |       ||   323
       Kite shield       |       |       |       |       |    31 |       ||    31

Table legend: (Time is in decaauts)
 A = Elapsed time spent in this place.
 B = Non-inter-level travel time spent in this place.
 C = Inter-level travel time spent in this place.
 D = Time resting spent in this place.
 E = Time spent auto-exploring this place.
 F = Levels seen in this place.
 G = Mean time per level.
                   A        B        C        D        E       F      G
               +--------+--------+--------+--------+--------+-----+--------+
         Total |  38656 |  37348 |   1308 |  13937 |  14519 |  29 | 1333.0 |
       Dungeon |  19018 |  18279 |    739 |   5059 |   8866 |  15 | 1267.9 |
          Lair |   9472 |   9192 |    280 |   3168 |   4352 |   6 | 1578.7 |
   Spider Nest |   4238 |   4211 |     27 |   3116 |    268 |   2 | 2119.0 |
  Orcish Mines |   4294 |   4033 |    261 |   2203 |    611 |   2 | 2147.0 |
         Abyss |     68 |     68 |      0 |      0 |      0 |   1 |   68.0 |
       Ossuary |    308 |    308 |      0 |      0 |     97 |   1 |  308.0 |
      Ice Cave |   1230 |   1230 |      0 |    390 |    324 |   1 | 1230.0 |
       Volcano |     25 |     25 |      0 |      0 |      0 |   1 |   25.0 |
               +--------+--------+--------+--------+--------+-----+--------+

Top non-repeatable levels by time:
Spider:1: 4004 daAuts
  Lair:3: 3142 daAuts
   Orc:1: 2472 daAuts
    D:14: 2354 daAuts
    D:15: 2059 daAuts
  Lair:6: 1957 daAuts
   Orc:2: 1821 daAuts
    D:10: 1692 daAuts
     D:3: 1384 daAuts
    D:12: 1308 daAuts
  Lair:4: 1299 daAuts
    D:11: 1279 daAuts
    D:13: 1249 daAuts
   IceCv: 1230 daAuts
  Lair:1: 1202 daAuts
